Map: Frost LE

Players

PiLiPiLi

  • Race: Protoss Protoss

Neeb - Winner!

  • Race: Protoss Protoss

Event: 2016 WCS Summer Circuit Championship (DH Montreal)

VOD

Have the link to the VOD?

Description

Time

  • Played on: Aug. 12, 2016, 9:27 p.m.
  • Length: 9:32

All games in this series

Show
View Real Time Build Order
Export as new Build Order

PiLiPiLi Protoss 

Build Orders:  

Get SALT Encoding   

  12  0:00  Probe (Chrono Boost)  
  13  0:11  Probe (Chrono Boost)  
  14  0:17  Pylon  
  14  0:22  Probe (Chrono Boost)  
  15  0:36  Probe (Chrono Boost)  
  15  0:37  Gateway  
  16  0:43  Assimilator  
  16  0:46  Probe (Chrono Boost)  
  17  0:53  Assimilator  
  18  0:57  Probe (Chrono Boost)  
  18  1:03  Gateway  
  18  1:07  Probe (Chrono Boost)  
  19  1:18  Probe (Chrono Boost)  
  20  1:24  Cybernetics Core  
  20  1:28  Probe (Chrono Boost)  
  21  1:33  Pylon  
  21  1:39  Probe (Chrono Boost)  
  22  1:49  Probe (Chrono Boost), Warp Gate  
  25  2:02  Mothership Core (Chrono Boost)  
  25  2:11  Stalker x2  
  29  2:20  Pylon  
  30  2:23  Probe (Chrono Boost)  
  30  2:35  Probe (Chrono Boost)  
  31  2:41  Stalker x2  
  35  2:47  Probe (Chrono Boost)  
  36  3:01  Probe (Chrono Boost)  
  37  3:12  Nexus  
  37  3:19  Pylon  
  37  3:20  Sentry  
  39  3:32  Pylon  
  39  3:39  Probe (Chrono Boost)  
  40  3:42  Robotics Facility  
  40  3:50  Probe (Chrono Boost)  
  41  4:00  Sentry  
  41  4:01  Probe (Chrono Boost), Sentry  
  46  4:11  Probe (Chrono Boost)  
  47  4:25  Probe (Chrono Boost)  
  47  4:26  Probe (Chrono Boost)  
  47  4:28  Observer  
  47  4:30  Robotics Bay  
  50  4:36  Probe x2 (Chrono Boost)  
  52  4:44  Warp Prism  
  52  4:47  Probe (Chrono Boost), Pylon  
  52  4:48  Probe (Chrono Boost)  
  52  4:52  Adept  
  56  4:57  Adept  
  52  5:00  Probe (Chrono Boost)  
  52  5:01  Probe (Chrono Boost)  
  49  5:11  Probe (Chrono Boost)  
  49  5:12  Probe (Chrono Boost)  
  49  5:20  Disruptor, Gravitic Drive  
  49  5:23  Probe (Chrono Boost)  
  49  5:25  Probe (Chrono Boost)  
  54  5:35  Probe (Chrono Boost)  
  53  5:52  Probe (Chrono Boost)  
  53  5:56  Probe (Chrono Boost)  
  54  5:57  Disruptor  
  57  6:04  Probe (Chrono Boost)  
  57  6:13  Probe (Chrono Boost)  
  57  6:15  Probe (Chrono Boost), Assimilator  
  57  6:17  Assimilator  
  59  6:20  Gateway  
  59  6:23  Gateway  
  59  6:24  Probe (Chrono Boost), Twilight Council  
  59  6:25  Probe (Chrono Boost)  
  61  6:33  Adept x2  
  61  6:34  Probe (Chrono Boost)  
  61  6:36  Probe (Chrono Boost)  
  67  6:45  Probe (Chrono Boost)  
  67  6:46  Disruptor  
  71  6:53  Blink  
  71  6:55  Adept x2  
  71  6:58  Probe x2 (Chrono Boost)  
  77  7:07  Pylon  
  77  7:10  Nexus  
  77  7:12  Pylon  
  77  7:14  Pylon  
  77  7:28  Probe (Chrono Boost)  
  78  7:30  Stalker x3  
  78  7:33  Probe (Chrono Boost)  
  82  7:40  Probe (Chrono Boost)  
  82  7:43  Probe (Chrono Boost)  
  84  7:49  Gateway x2  
  84  7:50  Disruptor  
  87  8:03  Stalker x4  
  93  8:13  Probe x2 (Chrono Boost)  
  92  8:25  Probe (Chrono Boost)  
  93  8:30  Probe (Chrono Boost), Stalker x3  
  93  8:32  Stalker  
  102  8:53  Probe x2 (Chrono Boost)  
  102  8:54  Probe (Chrono Boost)  
  105  8:55  Pylon  
  105  8:56  Stalker x3  
  90  9:19  Adept x5  
Show
View Real Time Build Order
Export as new Build Order

Neeb Protoss - Winner!

Build Orders:  

Get SALT Encoding   

  12  0:01  Probe (Chrono Boost)  
  13  0:11  Probe (Chrono Boost)  
  14  0:17  Pylon  
  14  0:22  Probe (Chrono Boost)  
  16  0:35  Probe (Chrono Boost)  
  16  0:37  Gateway  
  16  0:46  Probe (Chrono Boost)  
  16  0:47  Assimilator  
  17  0:53  Assimilator  
  17  0:56  Probe (Chrono Boost)  
  18  1:07  Probe (Chrono Boost)  
  18  1:08  Gateway  
  19  1:17  Probe (Chrono Boost)  
  20  1:23  Cybernetics Core  
  20  1:28  Probe (Chrono Boost)  
  21  1:34  Pylon  
  21  1:38  Probe (Chrono Boost)  
  22  1:49  Probe (Chrono Boost)  
  22  1:50  Warp Gate  
  23  2:00  Probe (Chrono Boost)  
  24  2:02  Adept  
  24  2:04  Adept  
  28  2:14  Mothership Core (Chrono Boost)  
  30  2:18  Pylon  
  30  2:37  Adept x2  
  34  2:41  Twilight Council  
  34  3:05  Resonating Glaives  
  34  3:08  Nexus  
  34  3:17  Probe (Chrono Boost)  
  35  3:29  Probe (Chrono Boost)  
  35  3:31  Pylon  
  36  3:41  Probe (Chrono Boost)  
  37  3:50  Robotics Facility  
  37  3:53  Probe (Chrono Boost)  
  38  3:57  Adept  
  38  4:00  Adept  
  42  4:05  Probe (Chrono Boost)  
  42  4:08  Pylon  
  44  4:17  Probe (Chrono Boost)  
  44  4:23  Probe (Chrono Boost)  
  45  4:26  Adept x2  
  45  4:31  Probe (Chrono Boost)  
  50  4:34  Probe (Chrono Boost)  
  51  4:42  Observer, Pylon  
  51  4:43  Probe (Chrono Boost)  
  51  4:44  Probe (Chrono Boost)  
  54  4:55  Probe x2 (Chrono Boost)  
  52  5:03  Immortal  
  52  5:06  Probe (Chrono Boost)  
  48  5:07  Probe (Chrono Boost)  
  48  5:15  Adept  
  48  5:16  Probe (Chrono Boost), Adept  
  48  5:19  Probe (Chrono Boost)  
  52  5:23  Assimilator  
  52  5:24  Forge  
  52  5:26  Assimilator  
  52  5:29  Probe (Chrono Boost)  
  52  5:31  Probe (Chrono Boost)  
  54  5:36  Gateway  
  54  5:38  Immortal  
  54  5:39  Probe (Chrono Boost)  
  60  5:43  Probe (Chrono Boost)  
  60  5:44  Protoss Ground Weapons Level 1  
  60  5:46  Sentry x2  
  62  5:50  Probe (Chrono Boost)  
  64  5:58  Probe (Chrono Boost)  
  62  6:06  Gateway  
  62  6:08  Gateway  
  62  6:11  Gateway  
  62  6:12  Sentry  
  68  6:22  Gateway  
  68  6:26  Warp Prism  
  68  6:30  Stargate  
  68  6:32  Adept  
  66  6:33  Adept  
  66  6:36  Probe (Chrono Boost)  
  66  6:37  Probe (Chrono Boost)  
  67  6:55  Nexus  
  67  6:58  Probe x2 (Chrono Boost)  
  67  7:01  Adept x2  
  73  7:10  Probe x2 (Chrono Boost)  
  73  7:12  Phoenix  
  73  7:15  Pylon  
  77  7:22  Probe (Chrono Boost)  
  76  7:25  Pylon  
  75  7:33  Phoenix  
  75  7:39  Pylon  
  75  7:40  Templar Archives  
  75  7:41  Pylon  
  73  7:46  Adept  
  73  7:51  Adept  
  77  7:53  Pylon  
  77  7:55  Phoenix  
  77  8:00  Adept x2  
  83  8:17  Adept, Phoenix  
  83  8:18  Adept x2  
  83  8:19  High Templar x2  
  93  8:23  Archon  
  95  8:27  High Templar x2  
  95  8:33  Archon  
  99  8:38  Adept x3  
  99  8:40  Phoenix  
  105  8:46  Pylon  
  107  8:53  Adept x2  
  111  9:01  Pylon  
  111  9:06  Adept x3  
  107  9:20  Adept x4  
  111  9:26  Adept  
  111  9:27  Adept x2  
Tags
 
Add a new tag
Caveats
  • Supply blocks, unpowered buildings, or Contaminate may cause inaccurate times.
  • Supply counts are checked every 10 seconds.